 Dungeon Crawl Stone Soup version 0.29-a0-22-gbf593b16ee (webtiles) character file.

Game seed: 986515093387425405

80 horus123 the Skirmisher (level 4, -1/37 HPs)
             Began as a Human Fighter on Jan 30, 2022.
             Slain by a black bear (3 damage)
             ... on level 3 of the Dungeon.
             The game lasted 00:03:30 (1527 turns).

horus123 the Skirmisher (Human Fighter)             Turns: 1527, Time: 00:03:31

Health: -1/37      AC:  6    Str: 18    XL:     4   Next: 65%
Magic:  4/4        EV:  9    Int:  9    God:
Gold:   54         SH:  5    Dex: 18    Spells: 3/3 levels left

rFire   . . .      SeeInvis +   a - +1 war axe
rCold   . . .      Faith    .   c - +0 buckler
rNeg    . . .      Spirit   .   b - +0 scale mail
rPois   .          Reflect  .   (no helmet)
rElec   .          Harm     .   (no cloak)
rCorr   .          Rampage  .   (no gloves)
Will    .....                   (no boots)
Stlth   ..........              (no amulet)
HPRegen 0.12/turn               h - +6 ring of dexterity
MPRegen 0.09/turn               l - ring of see invisible

@: mighty
A: no striking features
a: no special abilities


You were on level 3 of the Dungeon.
You visited 1 branch of the dungeon, and saw 3 of its levels.

You collected 54 gold pieces.

Inventory:

Hand Weapons
 a - a +1 war axe (weapon)
 i - a +2 hand axe of venom
Armour
 b - a +0 scale mail (worn)
 c - a +0 buckler (worn)
Jewellery
 g - a ring of protection from cold
 h - a +6 ring of dexterity (left hand)
 l - a ring of see invisible (right hand)
Scrolls
 j - a scroll of fog {unknown}
 m - a scroll of vulnerability {unknown}
 n - a scroll of identify
Potions
 e - a potion of haste {unknown}
 f - a potion of degeneration {unknown}
 k - a potion of magic {unknown}


   Skills:
 - Level 4.0 Fighting
 + Level 3.6 Axes
 - Level 3.0 Armour
 - Level 3.0 Shields


You had 3 spell levels left.
You didn't know any spells.
Your spell library contained the following spells:

 Spells                   Type           Power      Damage    Failure   Level
 Call Canine Familiar     Summ           0%         N/A       99%         3
 Portal Projectile        Hex/Tloc       0%         N/A       99%         3
 Leda's Liquefaction      Hex/Erth       0%         N/A       100%        4
 Fireball                 Conj/Fire      0%         3d3       100%        5
 Iron Shot                Conj/Erth      0%         9d1       100%        6
 Necromutation            Tmut/Necr      0%         N/A       100%        8


Dungeon Overview and Level Annotations

Branches:
Dungeon (2/15)

Altars:

Shops:
D:1 :*

Annotations:
D:2 Robin


Message History

The black bear growls angrily.
Okay, then.
You slash the black bear!
The black bear is moderately wounded.
The black bear bites you but does no damage.
The black bear claws you but does no damage.
The black bear misses you.
You closely miss the black bear.
The black bear is moderately wounded.
The black bear bites you.
The black bear claws you but does no damage.
The black bear closely misses you.
You feel very mighty all of a sudden. The black bear misses you.
The black bear claws you but does no damage.
The black bear claws you.
You slash the black bear!
The black bear is severely wounded.
The black bear bites you but does no damage.
The black bear claws you. The black bear closely misses you.
The black bear goes berserk!
You closely miss the black bear.
The black bear is severely wounded.
The black bear bites you but does no damage.
The black bear barely misses you. x2; The black bear bites you!
The black bear claws you.
* * * LOW HITPOINT WARNING * * *
The black bear closely misses you.
You slash the black bear!
The black bear is almost dead.
The black bear bites you but does no damage.
You block the black bear's attack.
The black bear claws you but does no damage.
The black bear bites you!
* * * LOW HITPOINT WARNING * * *
The black bear closely misses you. You block the black bear's attack.
You barely miss the black bear.
The black bear is almost dead.
The black bear closely misses you. The black bear claws you.
You die...

..............# #....#
.............# #....#
.........)...# #......
#######....))..#
#......# ...#
#........######...#
##.###.................#
#....#..............###
#....#.#####.#.........
#..........#.#.@.......
##..............h.......
.#......................
.#...............####...
.................. ...
....##............ ..
#..####+#####.##..
##.#### ....... #....#


You could see a black bear (berserk).

Vanquished Creatures
  An orc priest (D:3)
  A dart slug (D:1)
  2 orcs (D:3)
  2 ball pythons (D:1)
  3 endoplasms
  2 giant cockroaches (D:1)
  9 goblins
  4 hobgoblins
  3 jackals (D:2)
  2 quokkas (D:1)
  A bat (D:1)
  A frilled lizard (D:1)
  6 kobolds
  5 rats
42 creatures vanquished.

Notes
Turn   | Place    | Note
-------+----------+-------------------------------------------
     0 | D:1      | horus123 the Human Fighter began the quest for the Orb.
     0 | D:1      | Reached XP level 1. HP: 18/18 MP: 1/1
     3 | D:1      | Found Pixyng's Book Shop.
    21 | D:1      | Got the Tome of Shifting Combat Magic
   184 | D:1      | Reached XP level 2. HP: 24/24 MP: 2/2
   234 | D:1      | Found Sotweach's General Store.
   445 | D:1      | Reached skill level 4 in Fighting
   445 | D:1      | Reached XP level 3. HP: 25/30 MP: 3/3
  1316 | D:2      | Noticed Robin
  1316 | D:2      | You fall into a shaft and drop 1 floor!
  1346 | D:3      | Reached XP level 4. HP: 19/37 MP: 4/4
  1517 | D:3      | Noticed a black bear
  1527 | D:3      | Slain by a black bear

Illustrated notes

Levels and vault maps discovered:
D:1:      dpeg_arrival_shelter, layout_rooms, serial_shops,
          nicolae_shop_hallway_stairs, nicolae_diamond_shop
D:2:      layout_loops_ring, minmay_pentomino_v2, uniq_robin
D:3:      layout_basic, hellmonk_ecumenical_altar_blasted, serial_shops,
          nicolae_shop_overgrown_old_shop

Skill      XL: |  1  2  3 |
---------------+----------+-----
Fighting       | 4 |  4.0
Axes           | 3 |  3.6
Armour         | |  3.0
Shields        | |  3.0

Action                   |  1- 3 |  4- 6 || total
-------------------------+-------+-------++-------
Melee: War axe           |    82 |    10 ||    92
  Use: Scroll            |     3 |       ||     3
       Potion            |       |     1 ||     1
Armor: Scale mail        |    53 |    10 ||    63
Dodge: Dodged            |    39 |     9 ||    48
Block: Buckler           |    21 |     4 ||    25

Table legend: (Time is in decaauts)
 A = Elapsed time spent in this place.
 B = Non-inter-level travel time spent in this place.
 C = Inter-level travel time spent in this place.
 D = Time resting spent in this place.
 E = Time spent auto-exploring this place.
 F = Levels seen in this place.
 G = Mean time per level.
                   A        B        C        D        E       F      G
               +--------+--------+--------+--------+--------+-----+--------+
         Total |   1563 |   1559 |      4 |    241 |    991 |   3 |  521.0 |
       Dungeon |   1563 |   1559 |      4 |    241 |    991 |   3 |  521.0 |
               +--------+--------+--------+--------+--------+-----+--------+

Top non-repeatable levels by time:
     D:1: 742 daAuts
     D:2: 606 daAuts
     D:3: 214 daAuts
